 Dungeon Crawl Stone Soup version 0.31-a0-8-gd14b0f4ee2 (webtiles) character file.

Game seed: 6522240426818432221

24765 2FriedEggs the Fighter (level 12, -4/105 HPs)
             Began as a Demonspawn Artificer on May 4, 2023.
             Was the Champion of Jiyva.
             Slain by a skyshark (11 damage)
             ... on level 2 of the Lair of Beasts on May 6, 2023.
             The game lasted 00:39:51 (11688 turns).

2FriedEggs the Fighter (Demonspawn Artificer)      Turns: 11688, Time: 00:39:52

Health: -4/105     AC: 16    Str: 22    XL:     12   Next: 83%
Magic:  17/17      EV: 12    Int: 13    God:    Jiyva [******]
Gold:   248        SH:  0    Dex: 26    Spells: 18/18 levels left

rFire   + . .        v - +8 hand axe "Lamahao" {speed, Fragile Str+5 Dex+6}
rCold   + + +        (no shield)
rNeg    . . .        w - +2 ring mail {rF+}
rPois   +            (no helmet)
rElec   .            (cloak unavailable)
rCorr   +            O - +1 pair of gloves of Magic {rPois}
SInv    .            e - +1 pair of boots
Will    .....        H - amulet of faith
Stlth   ++           R - +4 ring of protection
HPRegen 2.77/turn    n - +6 ring of dexterity
MPRegen 0.65/turn

%: faith
@: no status effects
A: ignite blood 2, sturdy frame 2, weakness stinger 3, cold resistance 3, sense
surroundings 2, regeneration 1, pseudopods 3, tendrils, jelly sensing items,
jelly absorbing missiles
a: Renounce Religion, Oozemancy, Slimify


You were on level 2 of the Lair of Beasts.
You worshipped Jiyva.
Jiyva was exalted by your worship.
You visited 2 branches of the dungeon, and saw 13 of its levels.
You also visited: Bailey and Ice Cave.

You collected 768 gold pieces.
You spent 520 gold pieces at shops.

Inventory:

Hand Weapons
 v - the +8 hand axe "Lamahao" (weapon) {speed, Fragile Str+5 Dex+6}
   (You found it on level 5 of the Dungeon)

   Str:       It affects your strength (+5).
   Dex:       It affects your dexterity (+6).
   Fragile:   It will be destroyed if unequipped.
 I - a +2 whip of venom
 K - a +0 whip of electrocution
Missiles
 k - 31 poisoned darts
 N - 5 curare-tipped darts
Armour
 a - +0 acid dragon scales
 e - a +1 pair of boots (worn)
 u - the +1 robe "Naylan" {rPois}
   (You found it in a bailey)

   rPois:     It protects you from poison.
 w - a +2 ring mail of fire resistance (worn)
 C - a +2 robe of willpower
 D - the +0 chain mail of the Sun {Int+5}
   (You found it on level 4 of the Dungeon)

   Int:       It affects your intelligence (+5).
 O - the +1 pair of gloves of Magic (worn) {rPois}
   (You acquired it on level 11 of the Dungeon)

   rPois:     It protects you from poison.
Magical Staves
 s - a staff of poison
Jewellery
 n - a +6 ring of dexterity (right hand)
 y - a ring of magical power
 G - an amulet of the acrobat
 H - an amulet of faith (around neck)
 J - a ring of positive energy
 Q - a ring of positive energy
 R - a +4 ring of protection (left hand)
Wands
 c - a wand of flame (9) (quivered)
 d - a wand of charming (4)
 L - a wand of digging (2)
 S - a wand of quicksilver (2)
Scrolls
 g - a scroll of fear
 i - 5 scrolls of immolation
 o - 2 scrolls of poison
 q - 5 scrolls of teleportation
 x - 4 scrolls of fog
 A - a scroll of vulnerability
 E - a scroll of torment
 T - 2 scrolls of silence
 U - a scroll of amnesia {unknown}
Potions
 b - a potion of berserk rage {unknown}
 f - a potion of curing
 h - 7 potions of haste {unknown}
 j - a potion of flight {unknown}
 l - a potion of invisibility {unknown}
 m - 2 potions of might {unknown}
 p - a potion of degeneration {unknown}
 r - 3 potions of cancellation {unknown}
 t - 5 potions of heal wounds {unknown}
 z - a potion of lignification {unknown}
 B - 8 potions of ambrosia
 F - 2 potions of magic {unknown}
 M - 3 potions of brilliance {unknown}
 P - 4 potions of mutation {unknown}
 V - a potion of experience {unknown}


   Skills:
 + Level 13.0 Fighting
 + Level 11.8 Armour
 - Level 0.8 Dodging
 - Level 0.8 Stealth
 - Level 4.8 Unarmed Combat
 + Level 3.5 Spellcasting
 - Level 11.0 Evocations


You had 18 spell levels left.
You didn't know any spells.
Your spell library contained the following spells:

 Spells                   Type           Power      Damage    Failure   Level
 Apportation              Tloc           4%         N/A       22%         1
 Cigotuvi's Dreadful Rot  Necr/Pois/Air  4%         N/A       34%         2
 Call Canine Familiar     Summ           2%         N/A       56%         3
 Portal Projectile        Hex/Tloc       4%         N/A       56%         3
 Swiftness                Air            2%         N/A       56%         3
 Vhi's Electric Charge    Tloc/Air       4%         N/A       56%         3
 Dispel Undead            Necr           2%         3d7       92%         4
 Leda's Liquefaction      Hex/Erth       1%         N/A       92%         4
 Alistair's Intoxication  Tmut/Pois      1%         N/A       99%         5
 Fireball                 Conj/Fire      1%         3d3       99%         5
 Iskenderun's Battlesphe  Conj           2%         2d6       99%         5
 Lee's Rapid Deconstruct  Erth           1%         3d4*      99%         5
 Conjure Ball Lightning   Conj/Air       1%         3x3d6     100%        6
 Death Channel            Necr           1%         N/A       100%        6
 Simulacrum               Ice/Necr       1%         N/A       100%        6
 Statue Form              Tmut/Erth      1%         N/A       100%        6
 Orb of Destruction       Conj           1%         9d5       100%        7
 Ozocubu's Refrigeration  Ice            1%         4d7       100%        7
 Storm Form               Tmut/Air       1%         N/A       100%        7
 Polar Vortex             Ice            1%         N/A       100%        9


Dungeon Overview and Level Annotations

Branches:
Dungeon (11/15)            Temple (0/1) D:7            Lair (2/5) D:11
    Orc (0/2) D:9          Bailey (visited)           IceCv (visited)
  Swamp: Lair:2-3    Shoals: Lair:2-3     Snake: Lair:2-3    Spider: Lair:2-3

Altars:
Ashenzari
Cheibriados
Fedhas
Gozag
Hepliaklqana
Kikubaaqudgha
Makhleb
Xom
Jiyva

Shops:
D:8 (?   D:9 =

Annotations:
D:9 1 runed translucent door, 13Fox's ghost, journeyman DsHu
Lair:1 Gastronok


Innate Abilities, Weirdness & Mutations

Your demonic aura often causes spilled blood to erupt in flames.
Your movements are less encumbered by armour. (ER -4)
You have a sharp stinger which inflicts weakening toxins.
Your flesh is almost immune to the effects of cold. (rC+++)
You passively map the area around you.
Your natural rate of healing is unusually fast.
Armour fits poorly on your massive pseudopods.
You are covered in slimy tendrils that may disarm your opponents.
You have a small jelly attached to you that senses nearby items.
You have a small jelly attached to you that may absorb projectiles.


Message History

The skyshark tail-slaps you but does no damage.
The skyshark closely misses you.
You closely miss the skyshark. You punch the skyshark.
The skyshark is moderately wounded.
The skyshark is engulfed in blazing flames.
The skyshark bites you but does no damage.
The skyshark tail-slaps you! x2
You hit the skyshark.
The skyshark is moderately wounded.
The skyshark is engulfed in blazing flames.
The skyshark bites you!
* * * LOW HITPOINT WARNING * * *
The skyshark tail-slaps you but does no damage.
The skyshark barely misses you.
The skyshark is engulfed in blazing flames.
The skyshark bites you.
* * * LOW HITPOINT WARNING * * *
The skyshark misses you.
The skyshark tail-slaps you but does no damage.
Unknown command.
Okay, then.
The skyshark attacks as you move away! The skyshark barely misses you.
The skyshark tail-slaps you!
* * * LOW HITPOINT WARNING * * *
The skyshark tail-slaps you but does no damage.
The skyshark is engulfed in blazing flames. x2
The skyshark bites you but does no damage.
The skyshark tail-slaps you.
* * * LOW HITPOINT WARNING * * *
The skyshark closely misses you.
Aiming: Quicksilver Bolt
Press: ? - help, Shift-Dir - straight line, f - skyshark
Aim: a skyshark (flame, heavily wounded, berserk, 82% to hit)
The bolt of dispelling energy hits the skyshark!!!
The skyshark is almost dead.
The skyshark is engulfed in blazing flames.
The skyshark closely misses you. The skyshark tail-slaps you!
* * * LOW HITPOINT WARNING * * *
The skyshark tail-slaps you!
You die...

, ,, ** * , ,* ,
*##...#[.....##. , , ,
$..<........P.. ,
#...#.......+, , , #.#.......#
, * .........# ,, ###.....P#
**,#.!.....# #P#.......#*
**#.°....#*## ***
...........#####@l°...##.## *
................☼.....#...#*
.........................., *,
........................#. , ,
.........########..†...## ,
.........#*### ##.....## ,*
###......##..# #P.....# * *
P##......#......+.....##*####**
P.#.......#...P##......# ...#


You could see a skyshark (berserk).

Vanquished Creatures
  4 two-headed ogres
  Sonja (D:10)
  Nergalle (Lair:1)
  A skyshark (Lair:2)
  A deep elf zephyrmancer (Bailey)
  An orc knight (Bailey)
  A cyclops (D:11)
  4 elephants (Lair:1)
  2 ice statues (IceCv)
  A black mamba (Lair:1)
  A molten gargoyle (D:9)
  A gargoyle (D:7)
  5 cane toads
  An unseen horror (D:11)
  Maggie (D:9)
  A freezing wraith (IceCv)
  Psyche (D:11)
  2 komodo dragons
  A kobold demonologist (D:11)
  2 trolls
  A hornet (D:8)
  8 blink frogs (Lair:1)
  2 shadows (D:10)
  16 yaks
  A basilisk (Lair:1)
  2 wyverns
  2 death yak simulacra (IceCv)
  2 steam dragons
  4 water moccasins
  An acid dragon (D:8)
  7 orc warriors
  3 ice beasts
  2 sky beasts
  7 black bears
  5 ogres
  3 centaurs
  A phantom (D:4)
  4 kobold brigands
  9 bullfrogs
  A gnoll sergeant (D:10)
  A scorpion (D:6)
  A cane toad simulacrum (IceCv)
  A wight (D:8)
  32 killer bees
  An elephant simulacrum (IceCv)
  An electric eel (D:7)
  2 howler monkeys
  A lava snake (D:9)
  A jelly (Lair:1)
  11 hounds
  3 gnoll boudas
  5 orc priests
  An iguana (D:4)
  An orc wizard (D:3)
  3 sleepcaps
  A polar bear simulacrum (IceCv)
  16 gnolls
  6 adders
  A shadow imp (D:6)
  A white imp (D:5)
  A worm (D:3)
  2 dart slugs (D:3)
  34 orcs
  9 ball pythons
  6 bats
  5 endoplasms
  6 giant cockroaches
  10 goblins
  15 hobgoblins
  19 kobolds
  4 quokkas
  4 frilled lizards
  3 rats
322 creatures vanquished.

Vanquished Creatures (collateral kills)
  3 molten gargoyles (D:9)
  A komodo dragon (Lair:2)
  An orc warrior (Bailey)
  A phantom (D:7)
  A gnoll (D:2)
  An adder (D:4)
  A shadow imp (D:7)
  A quokka (D:4)
10 creatures vanquished.

Vanquished Creatures (others)
  An ugly thing (IceCv)
  A basilisk (Lair:1)
  An ice beast (D:7)
  28 jellies
  3 orc priests
  An iguana (D:6)
  A sleepcap (D:8)
  5 orc wizards
  6 gnolls
  An adder (D:4)
  A shadow imp (D:8)
  A white imp (D:8)
  3 endoplasms (D:4)
  12 orcs
  A goblin (D:4)
  A hobgoblin (D:6)
  A ball python (D:4)
  3 kobolds
  31 fungi
  104 plants
206 creatures vanquished.

Grand Total: 538 creatures vanquished

Notes
Turn   | Place    | Note
-------+----------+-------------------------------------------
     0 | D:1      | 2FriedEggs the Demonspawn Artificer began the quest for the
                  | Orb.
     0 | D:1      | Reached XP level 1. HP: 15/15 MP: 1/1
   179 | D:1      | Reached skill level 1 in Unarmed Combat
   179 | D:1      | Gained mutation: You have a small tail. [demonic ancestry]
   179 | D:1      | Reached XP level 2. HP: 12/21 MP: 2/2
   805 | D:2      | Reached XP level 3. HP: 26/26 MP: 3/3
  1495 | D:2      | Got the Octavo of Electricity
  1572 | D:2      | Gained mutation: Your demonic aura sometimes causes spilled
                  | blood to erupt in flames. [demonic ancestry]
  1572 | D:2      | Reached XP level 4. HP: 32/32 MP: 4/4
  2558 | D:3      | Gained mutation: Your movements are slightly less
                  | encumbered by armour. (ER -2) [demonic ancestry]
  2558 | D:3      | Reached XP level 5. HP: 36/37 MP: 5/5
  2981 | D:3      | Found a snail-covered altar of Cheibriados.
  3039 | D:3      | Found a faded altar of an unknown god.
  3049 | D:3      | Prayed at the altar of an unknown god.
  3049 | D:3      | Became a worshipper of Jiyva Jounanti the Shapeless
  3049 | D:3      | Reached * piety under Jiyva
  3230 | D:4      | Found a blossoming altar of Fedhas.
  3232 | D:4      | Found an ancient bone altar of Kikubaaqudgha.
  3346 | D:4      | Noticed a black bear
  3594 | D:4      | Reached ** piety under Jiyva
  3822 | D:4      | Noticed a phantom
  3850 | D:4      | Killed a phantom
  3851 | D:4      | Reached skill level 2 in Fighting
  3851 | D:4      | Reached skill level 5 in Evocations
  3851 | D:4      | Gained mutation: Your demonic aura often causes spilled
                  | blood to erupt in flames. [demonic ancestry]
  3851 | D:4      | Reached XP level 6. HP: 44/44 MP: 6/6
  3973 | D:4      | Identified the +0 chain mail of the Sun {Int+5}
  4136 | D:5      | Entered Level 5 of the Dungeon
  4158 | D:5      | Noticed a water moccasin
  4162 | D:5      | Killed a water moccasin
  4163 | D:5      | Reached XP level 7. HP: 41/51 MP: 7/7
  4241 | D:5      | Identified the +8 hand axe "Lamahao" {speed, Fragile Str+5
                  | Dex+6}
  4267 | D:5      | Reached skill level 3 in Fighting
  4361 | D:5      | Found a burning altar of Makhleb.
  4854 | D:6      | Reached *** piety under Jiyva
  4854 | D:6      | Gained mutation: Your flesh is cold resistant. (rC+)
                  | [Jiyva's grace]
  4854 | D:6      | Gained mutation: Your flesh is very cold resistant. (rC++)
                  | [Jiyva's grace]
  4854 | D:6      | Gained mutation: Your flesh is almost immune to the effects
                  | of cold. (rC+++) [Jiyva's grace]
  4854 | D:6      | Gained mutation: You have a pair of small antennae on your
                  | head. [Jiyva's grace]
  4873 | D:6      | Found an opulent altar of Gozag.
  4946 | D:6      | Reached skill level 4 in Fighting
  4946 | D:6      | Reached XP level 8. HP: 59/60 MP: 8/8
  5007 | D:6      | HP: 3/60 [ogre/+0 giant club (14)]
  5151 | D:6      | Reached skill level 5 in Fighting
  5246 | D:6      | Gained mutation: You have a tail ending in a sharp stinger.
                  | [demonic ancestry]
  5246 | D:6      | Reached XP level 9. HP: 69/69 MP: 9/9
  5352 | D:6      | Reached **** piety under Jiyva
  5776 | D:7      | Noticed a two-headed ogre
  5777 | D:7      | Found a shimmering altar of Xom.
  5777 | D:7      | Noticed a gargoyle
  5889 | D:7      | Reached skill level 6 in Fighting
  5889 | D:7      | Reached skill level 5 in Armour
  6022 | D:7      | Upgraded the game from 0.31-a0-4-gefa6de2278 to
                  | 0.31-a0-8-gd14b0f4ee2
  6238 | D:7      | Killed a two-headed ogre
  6294 | D:7      | Reached skill level 7 in Fighting
  6425 | D:7      | Found a staircase to the Ecumenical Temple.
  6688 | D:7      | Killed a gargoyle
  6798 | D:8      | Reached ***** piety under Jiyva
  6824 | D:8      | Found a flagged portal.
  6849 | Bailey   | Entered a bailey
  6849 | Bailey   | Gained mutation: Armour fits poorly on your pseudopods.
                  | [Jiyva's grace]
  6849 | Bailey   | Gained mutation: Armour fits poorly on your large
                  | pseudopods. [Jiyva's grace]
  6849 | Bailey   | Gained mutation: Armour fits poorly on your massive
                  | pseudopods. [Jiyva's grace]
  6849 | Bailey   | Gained mutation: Your spells are a little harder to cast,
                  | but a little more powerful. [Jiyva's grace]
  6873 | Bailey   | Gained mutation: You have a sharp stinger which inflicts
                  | weakening toxins. [demonic ancestry]
  6873 | Bailey   | Reached XP level 10. HP: 76/80 MP: 10/10
  6895 | Bailey   | Noticed an orc knight
  6909 | Bailey   | Killed an orc knight
  6929 | Bailey   | Reached skill level 8 in Fighting
  7066 | Bailey   | Found a large runed translucent door.
  7066 | Bailey   | Found a large runed translucent door.
  7067 | Bailey   | Noticed a deep elf zephyrmancer
  7108 | Bailey   | Killed a deep elf zephyrmancer
  7123 | Bailey   | Identified the +1 robe "Naylan" {rPois}
  7124 | Bailey   | Identified the +0 cloak of the Furies {Dex+2}
  7223 | D:8      | Found Kusmes's Magic Scroll Shop.
  7299 | D:8      | Noticed a two-headed ogre
  7306 | D:8      | Killed a two-headed ogre
  7460 | D:8      | Reached skill level 10 in Evocations
  7542 | D:8      | Found a transporter.
  7545 | D:8      | Found Feurphiff's Weapon Shop.
  7825 | D:8      | Found a transporter.
  7900 | D:9      | Reached skill level 9 in Fighting
  7902 | D:9      | Found Kameic's Jewellery Shop.
  7951 | D:9      | Bought an amulet of faith for 520 gold pieces
  8049 | D:9      | Found a broken altar of Ashenzari.
  8053 | D:9      | Saw a vision of the Shoals and the Snake Pit.
  8053 | D:9      | Noticed an anaconda
  8053 | D:9      | Noticed a naga warrior
  8053 | D:9      | Noticed a water nymph
  8053 | D:9      | Noticed a sea snake
  8053 | D:9      | Noticed a naga warrior
  8053 | D:9      | Noticed a naga sharpshooter
  8053 | D:9      | Noticed a naga mage
  8053 | D:9      | Noticed a guardian serpent
  8053 | D:9      | Noticed a sea snake
  8053 | D:9      | Noticed a merfolk aquamancer
  8107 | D:9      | Found a hazy altar of Hepliaklqana.
  8128 | D:9      | Noticed a molten gargoyle
  8200 | D:9      | Gained mutation: Your movements are less encumbered by
                  | armour. (ER -4) [demonic ancestry]
  8200 | D:9      | Reached XP level 11. HP: 45/89 MP: 11/11
  8213 | D:9      | Found a staircase to the Orcish Mines.
  8241 | D:9      | Found a runed translucent door.
  8241 | D:9      | Noticed 13Fox's ghost (journeyman DsHu)
  8273 | D:9      | Noticed Maggie
  8282 | D:9      | Killed Maggie
  8297 | D:9      | Noticed a two-headed ogre
  8304 | D:9      | Killed a two-headed ogre
  8525 | D:9      | HP: 1/90 [molten gargoyle/+0 morningstar (5)]
  8530 | D:9      | Reached skill level 10 in Fighting
  8774 | D:9      | Lost mutation: Your flesh is almost immune to the effects
                  | of cold. (rC+++) [Jiyva's grace]
  8774 | D:9      | Lost mutation: Your spells are a little harder to cast, but
                  | a little more powerful. [Jiyva's grace]
  8774 | D:9      | Lost mutation: Armour fits poorly on your massive
                  | pseudopods. [Jiyva's grace]
  8774 | D:9      | Gained mutation: You have a small jelly attached to you
                  | that may absorb projectiles. [Jiyva's grace]
  8774 | D:9      | Gained mutation: Your flesh is almost immune to the effects
                  | of cold. (rC+++) [Jiyva's grace]
  8774 | D:9      | Gained mutation: You have a small jelly attached to you
                  | that senses nearby items. [Jiyva's grace]
  8774 | D:9      | Gained mutation: Your natural rate of healing is unusually
                  | fast. [Jiyva's grace]
  8912 | D:10     | Entered Level 10 of the Dungeon
  8917 | D:10     | Noticed Sonja
  8930 | D:10     | Killed Sonja
  9403 | D:10     | Reached ****** piety under Jiyva
  9707 | D:11     | Noticed a two-headed ogre
  9713 | D:11     | Killed a two-headed ogre
  9869 | D:11     | Reached skill level 11 in Fighting
  9883 | D:11     | Found a staircase to the Lair.
  9884 | D:11     | Reached skill level 10 in Armour
  9901 | D:11     | Noticed Psyche
  9906 | D:11     | Killed Psyche
 10063 | D:11     | Noticed a sun demon
 10064 | D:11     | Noticed a sun demon
 10145 | D:11     | Identified the +3 ring mail of Gravity {rCorr Int-5 Dex+4}
 10398 | D:11     | Identified a scroll of acquirement
 10398 | D:11     | Acquired the +1 pair of gloves of Magic {rPois}
 10421 | Lair:1   | Entered Level 1 of the Lair of Beasts
 10430 | Lair:1   | Lost mutation: You have a pair of small antennae on your
                  | head. [Jiyva's grace]
 10430 | Lair:1   | Gained mutation: Armour fits poorly on your massive
                  | pseudopods. [Jiyva's grace]
 10430 | Lair:1   | Gained mutation: You are covered in slimy tendrils that may
                  | disarm your opponents. [Jiyva's grace]
 10430 | Lair:1   | Gained mutation: You passively map a small area around you.
                  | [Jiyva's grace]
 10430 | Lair:1   | Gained mutation: You passively map the area around you.
                  | [Jiyva's grace]
 10434 | Lair:1   | Reached XP level 12. HP: 95/100 MP: 12/12
 10520 | Lair:1   | Noticed Nergalle
 10543 | Lair:1   | Killed Nergalle
 10544 | Lair:1   | Reached skill level 12 in Fighting
 10547 | Lair:1   | Found a frozen archway.
 10558 | IceCv    | Entered an ice cave
 10600 | IceCv    | Found a transporter.
 10629 | IceCv    | Found a transporter.
 10764 | Lair:1   | Reached skill level 1 in Spellcasting
 10998 | Lair:1   | Noticed Gastronok
 11678 | Lair:2   | Reached skill level 13 in Fighting
 11688 | Lair:2   | Slain by a skyshark

Illustrated notes

Levels and vault maps discovered:
D:1:      nzn_arrival_water_spiral, layout_rooms
D:2:      layout_basic, amethyst_killhole
D:3:      layout_loops_ring, nicolae_tso_swordbearing_angel,
          kennysheep_slug_shrine, hellmonk_ecumenical_altar_prayer_group,
          kennysheep_generic_room_8
D:4:      minmay_octagon_keep, layout_loops_cross,
          grunt_temple_overflow_growth_and_decay, minmay_circle_x
D:5:      layout_loops_cross, general_overflow_altar
D:6:      kennysheep_housing_project, layout_cave_pods,
          mainiacjoe_overflow_concentric_impassable,
          minmay_misc_feat_secret_circle
D:7:      layout_rooms, xom_confusion_cloud, minmay_temple_entry_trees,
          serial_bayou_lake_a
D:8:      kennysheep_six_static_rooms, layout_loops_ring, enter_bailey_5,
          serial_shops, shop, nicolae_shop_drivethru
D:9:      layout_basic, mainiacjoe_overflow_large_starburst,
          grunt_ashenzari_visionary [grunt_ashenzari_visionary_shoals,
          grunt_ashenzari_visionary_snake], hellmonk_ghost_big_iron,
          serial_shops, nicolae_shop_peninsula, grunt_ministairs_8, minivault_8,
          uniq_maggie
D:10:     layout_loops_ring, nicolae_twisting_strands, uniq_sonja
D:11:     layout_irregular_city, due_lair_maze_entry_diamond, uniq_psyche
Lair:1:   layout_roguey [special_room_bee], portal_ice_cave_entry_pillars_1,
          infiniplex_staircase_pool, serial_bayou_shore_b, uniq_nergalle,
          uniq_gastronok
Lair:2:   layout_regular_city, shoals_dummy_entry, nicolae_snake_entry_squirm,
          grunt_megastairs_4

Skill      XL: |  1  2  3  4  5  6  7  8  9 10 11 12 |
---------------+-------------------------------------+-----
Unarmed Combat | 1 2 3 4 |  4.8
Evocations     | 4 5 6 7 9 10 11 | 11.0
Fighting       | 2 4 5 7 9 11 13 | 13.0
Armour         | 3 4 6 8 10 11 | 11.8
Spellcasting   | 3 |  3.5
Dodging        | |  0.8
Stealth        | |  0.8

Action                     |  1- 3 |  4- 6 |  7- 9 | 10-12 || total
---------------------------+-------+-------+-------+-------++-------
  Melee: Hand axe          |   117 |    34 |   161 |   450 ||   762
         Unarmed           |    11 |   192 |     7 |       ||   210
         Tailslap          |    12 |    26 |    37 |    90 ||   165
         Punch             |     1 |     5 |     5 |    30 ||    41
         Pseudopods        |       |       |       |   122 ||   122
 Invoke: Oozemancy         |       |       |       |     3 ||     3
         Slimify           |       |       |       |     1 ||     1
  Evoke: Wand              |     8 |     6 |    17 |    14 ||    45
    Use: Potion            |       |     1 |       |     2 ||     3
         Scroll            |       |       |     7 |     6 ||    13
   Stab: Sleeping          |     2 |     2 |       |     4 ||     8
 Armour: Leather armour    |    40 |     6 |       |       ||    46
         Chain mail        |       |   136 |    65 |     5 ||   206
         Ring mail         |       |       |       |   216 ||   216
  Dodge: Dodged            |    95 |   130 |   115 |   305 ||   645

Table legend: (Time is in decaauts)
 A = Elapsed time spent in this place.
 B = Non-inter-level travel time spent in this place.
 C = Inter-level travel time spent in this place.
 D = Time resting spent in this place.
 E = Time spent auto-exploring this place.
 F = Levels seen in this place.
 G = Mean time per level.
                   A        B        C        D        E       F      G
               +--------+--------+--------+--------+--------+-----+--------+
         Total |  11685 |  10987 |    698 |    367 |   6985 |  15 |  779.0 |
       Dungeon |  10076 |   9412 |    664 |    308 |   6203 |  11 |  916.0 |
          Lair |   1081 |   1047 |     34 |      0 |    711 |   2 |  540.5 |
        Bailey |    358 |    358 |      0 |     42 |     71 |   1 |  358.0 |
      Ice Cave |    168 |    168 |      0 |     17 |      0 |   1 |  168.0 |
               +--------+--------+--------+--------+--------+-----+--------+

Top non-repeatable levels by time:
     D:2: 1373 daAuts
     D:3: 1292 daAuts
     D:6: 1283 daAuts
     D:9: 1015 daAuts
  Lair:1: 926 daAuts
     D:4: 846 daAuts
     D:8: 812 daAuts
    D:10: 785 daAuts
    D:11: 724 daAuts
     D:1: 685 daAuts
     D:7: 639 daAuts
     D:5: 618 daAuts
  Bailey: 358 daAuts
   IceCv: 168 daAuts
  Lair:2: 155 daAuts
